 Dungeon Crawl Stone Soup version 0.21-a0-529-g8c7b3f5 (webtiles) character file.

31691 Amnesiac the Deadly Accurate (level 13, -9/164 (165) HPs)
             Began as an Ogre Hunter on Dec 11, 2017.
             Was a High Priest of Okawaru.
             Engulfed by a cloud of foul pestilence (14 damage)
             ... on level 13 of the Dungeon.
             The game lasted 00:37:40 (14008 turns).

Amnesiac the Deadly Accurate (Ogre Hunter)         Turns: 14008, Time: 00:37:40

HP:   -9/164 (165)  AC: 10    Str: 22    XL:     13   Next: 59%
MP:   20/20         EV: 15    Int: 14    God:    Okawaru [*****.]
Gold: 641           SH:  0    Dex: 14    Spells: 12/12 levels left

rFire    . . .     SeeInvis .   a - +3 hunting sling (velocity)
rCold    . . .     Gourm    .   (no shield)
rNeg     . . .     Faith    .   m - +0 steam dragon scales
rPois    .         Spirit   .   (helmet restricted)
rElec    .         Reflect  .   U - +1 cloak
rCorr    .         Harm     .   (gloves unavailable)
MR       ++...                  (boots unavailable)
Stlth    ++........             q - amulet of regeneration
HPRegen  0.77/turn              j - +5 ring of evasion
MPRegen  0.17/turn              C - ring of wizardry

@: lethally poisoned (-9 -> -13), mesmerised, slowed, very slow
A: large, unfitting armour, antennae 1, iridescent scales 1, agile 2, blurry
vision 1, clever 1, magic resistance 1, robust 1, tough skin 1
a: Heroism, Finesse, Renounce Religion


You were on level 13 of the Dungeon.
You worshipped Okawaru.
Okawaru was extremely pleased with you.
You were completely stuffed.

You visited 1 branch of the dungeon, and saw 13 of its levels.

You collected 641 gold pieces.

Inventory:

Hand Weapons
 a - a +3 hunting sling of velocity (weapon)
 b - a +1 blowgun
 y - the +2 broad axe "Owno" {freeze, rC++ Stlth+}
   (Okawaru gifted it to you on level 13 of the Dungeon)

   It has been specially enchanted to freeze those struck by it, causing extra
   injury to most foes and up to half again as much damage against particularly
   susceptible opponents.
   It can also slow down cold-blooded creatures.
   It greatly protects you from cold.
   It makes you more stealthy.
 P - a +0 hunting sling
 R - the +7 mace "Toog" {holy, rElec Int+2 Stlth+}
   (You found it on level 7 of the Dungeon)

   It has been blessed by the Shining One to cause great damage to the undead
   and demons.
   It affects your intelligence (+2).
   It insulates you from electricity.
   It makes you more stealthy.
Missiles
 g - 9 needles of sleeping
 i - 230 stones (quivered)
 s - 3 javelins of penetration
 t - 2 throwing nets
 z - 13 large rocks {!f}
 G - 6 tomahawks
 I - 4 javelins
 O - 13 poisoned needles
 W - 5 sling bullets
Armour
 m - +0 steam dragon scales (worn)
 D - a +0 hat
 M - a +2 robe of the Archmagi
 U - a +1 cloak (worn)
Jewellery
 j - a +5 ring of evasion (left hand)
 n - an uncursed ring of protection from cold
 q - an amulet of regeneration (around neck)
 u - an uncursed ring of flight
 w - an uncursed amulet of the gourmand
 C - a ring of wizardry (right hand)
 F - an uncursed ring of protection from magic {unknown}
Wands
 c - a wand of iceblast (4)
 E - a wand of paralysis (3)
 L - a wand of enslavement (10)
 V - a wand of acid (21)
 Y - a wand of polymorph (14)
Scrolls
 d - 5 scrolls of immolation {!r}
 l - 4 scrolls of fear {!r}
 v - 7 scrolls of remove curse {!r}
 A - 3 scrolls of teleportation {!r}
 J - 2 scrolls of amnesia {!r}
 K - a scroll of vulnerability {!r}
Potions
 e - 3 potions of curing {!q}
 h - 2 potions of might {!q}
 o - 2 potions of mutation {!q}
 r - a potion of magic {!q}
 H - a potion of flight {!q}
 N - 2 potions of haste {!q}
 Q - a potion of berserk rage {!q}
 X - a potion of agility {!q}
 Z - a potion of cancellation {!q}
Books
 S - a book of Clouds

   Spells                             Type                      Level
   a - Poisonous Vapours              Poison/Air                   2
   b - Mephitic Cloud                 Conjuration/Poison/Air       3
   c - Conjure Flame                  Conjuration/Fire             3
   d - Freezing Cloud                 Conjuration/Ice/Air          6
   e - Ring of Flames                 Charms/Fire                  7
Comestibles
 f - 15 bread rations
 k - 9 meat rations
 B - 3 fruits


   Skills:
 + Level 15.5 Fighting
 * Level 16.2 Throwing
 - Level 1.7 Dodging
 - Level 0.6 Stealth
 - Level 10.0 Invocations


You had 12 spell levels left.
You didn't know any spells.

Dungeon Overview and Level Annotations

Branches:
Dungeon (13/15)            Temple (0/1) D:6            Lair (0/6) D:11
    Orc (0/2) D:9
 Vaults: D:13-14

Altars:
Dithmenos
Gozag
Kikubaaqudgha
Nemelex Xobeh
Okawaru
Qazlal
Trog
Uskayaw
Vehumet

Shops:
D:10 :

Annotations:
D:13 2 runed doors


Innate Abilities, Weirdness & Mutations

You are too large for most types of armour.
You have tough skin. (AC +1)
You have a pair of small antennae on your head.
You are partially covered in iridescent scales. (AC +2)
You are very agile. (Dex +4)
Scrolls take you a little longer to read.
Your mind is acute. (Int +2)
You are resistant to hostile enchantments. (MR+)
You are robust. (+10% HP)


Message History

You are engulfed in dark miasma.
You are lethally poisoned!
You feel your flesh rotting away!
* * * LOW HITPOINT WARNING * * *
You feel extremely sick.
The pull of its song draws you forwards.
Firing (i - inventory. (,) - cycle):
i - 232 stones (quivered)
Press: ? - help, Shift-Dir - straight line, f/p - merfolk avatar
Aim: a merfolk avatar (almost dead, mesmerising)
You shoot a stone. The stone hits the merfolk avatar!
The merfolk avatar is almost dead.
You are engulfed in dark miasma.
You are more poisoned.
You feel your flesh rotting away!
You feel ill.
You feel as though you will be slow longer.
* * * LOW HITPOINT WARNING * * *
x2 You feel extremely sick.
The merfolk avatar chants its luring song.
Firing (i - inventory. (,) - cycle):
i - 231 stones (quivered)
Press: ? - help, Shift-Dir - straight line, f/p - merfolk avatar
Aim: a merfolk avatar (almost dead, mesmerising)
You shoot a stone.
The stone closely misses the merfolk avatar.
You are engulfed in dark miasma.
You are more poisoned.
You feel as though you will be slow longer.
* * * LOW HITPOINT WARNING * * *
x2 You feel extremely sick.
The merfolk avatar chants its luring song. x2
You are too injured to fight recklessly!
You are too injured to fight recklessly!
Okay, then.
Really quaff
e - 4 viscous cyan potions {!q}?
Okay, then.
Really quaff
H - a potion of flight {!q}?
Okay, then.
Press: ? - help, v - describe, . - travel
Here: a merfolk impaler, wielding a rapier of draining and wearing a robe The floor.
Unknown command.
Okay, then.
Wear which item? (? for menu, Esc to quit)
Okay, then.
Put on which piece of jewellery? (? for menu, Esc to quit)
Okay, then.
Evoke which item? (* to show all) (? for menu, Esc to quit)
That's the wrong kind of item! (Use * to select it.) Evoke which item? (* to show all) (? for menu, Esc to quit)
Okay, then.
Evoke which item? (* to show all) (? for menu, Esc to quit)
Aiming: Paralyse
Press: ? - help, Shift-Dir - straight line, f - merfolk impaler, p - merfolk avatar
Aim: a merfolk impaler, wielding a rapier of draining and wearing a robe (chance to defeat MR: 28%)
The merfolk impaler suddenly stops moving!
You are engulfed in dark miasma.
You are more poisoned.
You feel your flesh rotting away!
* * * LOW HITPOINT WARNING * * *
x2 You feel extremely sick.
Really quaff
e - 4 viscous cyan potions {!q}?
It was a potion of curing {!q}.
You feel better.
You are engulfed in dark miasma.
You are poisoned.
You feel your flesh rotting away!
You feel as though you will be slow longer.
You die...

#.## ###..###.##
#.#.#...#..#... ..##
##.....#
#####...#...... #..#
###...## ##..#........
##.## #....#
###..####...... ##..#
#.#..####..### #...###
##.## ##.##.......#
#...#
###..#####.###########
##.#.# ##.........#
########### #..#.##
......######
+m≈@§§§'..# #..#..##
...#.## #.#
#m+######.###..#..##
..##.# #.# ###
#####.##..##....
.##..# ##.#
#...............
.#...####..##
#.....##..####..
.###..##.#..#
##........## ##. ##
###..###.##
##.#.#####.# ## #
#....##.###..>.# #.# #
#.####....#...## ###


You could see a merfolk avatar and a merfolk impaler (paralysed).

Vanquished Creatures
  Josephine (D:10)
  A hydra (D:12)
  5 two-headed ogres
  Urug (D:11)
  A tengu warrior (D:13)
  An unseen horror (D:10)
  An oklob plant (D:11)
  2 cyclopes (D:13)
  3 ugly things (D:12)
  A centaur zombie (D:12)
  Joseph (D:10)
  2 gargoyles
  4 molten gargoyles (D:9)
  A tengu conjurer (D:13)
  2 trolls
  Grinder (D:6)
  3 slime creatures (D:13)
  3 hippogriffs
  A shadow (D:11)
  4 wraiths (D:10)
  A wyvern (D:12)
  7 humans (D:11)
  15 yaks
  A hungry ghost (D:10)
  A steam dragon (D:13)
  Menkaure (D:5)
  4 wargs (D:9)
  Edmund (D:4)
  A water moccasin (D:12)
  5 orc warriors
  An eye of draining (D:13)
  3 ogres
  A black bear (D:10)
  5 ice beasts
  3 sky beasts
  2 necrophages (D:7)
  A phantom (D:6)
  3 centaurs
  Blork the orc (D:6)
  7 bullfrogs
  A water moccasin zombie (D:9)
  3 scorpions
  11 killer bees
  16 wights
  3 howler monkeys
  A bullfrog zombie (D:8)
  6 crimson imps
  2 quasits
  4 hounds
  3 orc priests
  A bullfrog skeleton (D:6)
  A jelly (D:6)
  11 orc wizards
  4 centaur skeletons
  Jessica (D:2)
  Crazy Yiuf (D:7)
  7 worker ants
  3 iguanas
  3 hound zombies
  2 hound skeletons
  3 worker ant zombies
  3 gnolls (D:2)
  3 howler monkey skeletons
  7 adders
  4 shadow imps
  An adder skeleton (D:7)
  A worm (D:2)
  2 dart slugs (D:1)
  6 leopard geckos
  37 orcs
  2 ball pythons
  4 giant cockroaches
  A goblin (D:1)
  10 hobgoblins
  9 jackals
  3 quokkas
  6 bats
  A frilled lizard (D:1)
  A jackal skeleton (D:4)
  8 kobolds
  7 rats
  A fungus (D:7)
307 creatures vanquished.

Vanquished Creatures (others)
  A plant (D:11)
1 creature vanquished.

Grand Total: 308 creatures vanquished

Notes
Turn   | Place    | Note
-------+----------+-------------------------------------------
     0 | D:1      | Amnesiac the Ogre Hunter began the quest for the Orb.
     0 | D:1      | Reached XP level 1. HP: 22/22 MP: 1/1
   121 | D:1      | Reached XP level 2. HP: 27/31 MP: 2/2
   469 | D:1      | You fall through a shaft!
   533 | D:2      | Reached XP level 3. HP: 30/37 MP: 3/3
   825 | D:2      | Noticed Jessica
   828 | D:2      | Killed Jessica
   828 | D:2      | Reached skill level 5 in Throwing
   828 | D:2      | Reached XP level 4. HP: 48/48 MP: 4/4
  1021 | D:2      | Found a stormy altar of Qazlal.
  1102 | D:2      | Reached XP level 5. HP: 53/55 MP: 5/5
  1255 | D:3      | Found a faded altar of an unknown god.
  1994 | D:3      | Reached skill level 6 in Throwing
  2079 | D:4      | Reached skill level 5 in Fighting
  2127 | D:4      | Noticed Edmund
  2176 | D:4      | Killed Edmund
  2176 | D:4      | Reached XP level 6. HP: 31/66 MP: 6/6
  2417 | D:4      | Reached skill level 7 in Throwing
  2417 | D:4      | Reached XP level 7. HP: 69/74 MP: 7/7
  2817 | D:4      | Found a sparkling altar of Nemelex Xobeh.
  2817 | D:4      | Found an opulent altar of Gozag.
  3301 | D:5      | Entered Level 5 of the Dungeon
  3534 | D:5      | Noticed Menkaure
  3535 | D:5      | Killed Menkaure
  3568 | D:5      | Reached skill level 8 in Throwing
  3800 | D:5      | Reached XP level 8. HP: 82/87 MP: 8/8
  3833 | D:5      | You fall through a shaft for 3 floors!
  3833 | D:8      | Noticed a two-headed ogre
  3921 | D:7      | Found a radiant altar of Vehumet.
  3921 | D:7      | Found an ancient bone altar of Kikubaaqudgha.
  3921 | D:7      | Found a bloodstained altar of Trog.
  3921 | D:7      | Found a hide-covered altar of Uskayaw.
  4001 | D:8      | Killed a two-headed ogre
  4001 | D:8      | Reached skill level 9 in Throwing
  4001 | D:8      | Reached XP level 9. HP: 97/97 MP: 9/9
  4016 | D:8      | Reached skill level 10 in Throwing
  4411 | D:8      | Noticed a troll
  4426 | D:8      | Killed a troll
  4439 | D:8      | Reached skill level 11 in Throwing
  4477 | D:8      | Reached skill level 10 in Fighting
  4562 | D:8      | Found an iron altar of Okawaru.
  4643 | D:8      | Became a worshipper of Warmaster Okawaru
  4780 | D:6      | Found a shadowy altar of Dithmenos.
  4782 | D:6      | Found a staircase to the Ecumenical Temple.
  4999 | D:6      | Noticed Grinder
  5003 | D:6      | Paralysed by Grinder for 2 turns
  5010 | D:6      | Paralysed by Grinder for 7 turns
  5026 | D:6      | Killed Grinder
  5607 | D:6      | Noticed Blork the orc
  5623 | D:6      | Killed Blork the orc
  6131 | D:7      | Reached * piety under Okawaru
  6131 | D:7      | Reached XP level 10. HP: 111/111 MP: 10/10
  6617 | D:7      | Reached skill level 12 in Throwing
  6697 | D:7      | Found a runed door.
  6843 | D:7      | Noticed Crazy Yiuf
  6844 | D:7      | Killed Crazy Yiuf
  6848 | D:7      | Got a transparent mace
  7295 | D:9      | Identified the +7 mace "Toog" {holy, rElec Int+2 Stlth+} (You found it on level 7 of the Dungeon)
  7379 | D:9      | Found a staircase to the Orcish Mines.
  7398 | D:9      | Gained mutation: You are resistant to hostile enchantments. (MR+) [mutagenic meat]
  7399 | D:9      | Gained mutation: You have a pair of small antennae on your head. [mutagenic meat]
  7400 | D:9      | Gained mutation: Your mind is acute. (Int +2) [mutagenic meat]
  7401 | D:9      | Gained mutation: Scrolls take you a little longer to read. [mutagenic meat]
  7402 | D:9      | Gained mutation: You possess an exceptional clarity of mind. [mutagenic meat]
  7492 | D:9      | Noticed a molten gargoyle
  7521 | D:9      | HP: 3/118 [molten gargoyle/morningstar (11)]
  7522 | D:9      | Killed a molten gargoyle
  7522 | D:9      | Reached ** piety under Okawaru
  7731 | D:9      | Noticed a molten gargoyle
  7756 | D:9      | Noticed a molten gargoyle
  7771 | D:9      | Killed a molten gargoyle
  7789 | D:9      | Noticed a molten gargoyle
  7793 | D:9      | Killed a molten gargoyle
  7801 | D:9      | Killed a molten gargoyle
  7972 | D:9      | Reached skill level 5 in Invocations
  8001 | D:9      | Reached XP level 11. HP: 94/127 MP: 13/15
  8253 | D:10     | Entered Level 10 of the Dungeon
  8313 | D:10     | Reached *** piety under Okawaru
  8381 | D:10     | Found Onahuelu's Book Emporium.
  8486 | D:10     | Noticed Josephine
  8745 | D:10     | Killed Josephine
  8745 | D:10     | Received a gift from Okawaru
  8818 | D:10     | Reached skill level 13 in Throwing
  8818 | D:10     | Reached skill level 10 in Invocations
  8818 | D:10     | Reached XP level 12. HP: 136/136 MP: 17/19
  8830 | D:10     | Noticed Joseph
  8834 | D:10     | Gained mutation: You are agile. (Dex +2) [mutagenic meat]
  8835 | D:10     | Gained mutation: You are very agile. (Dex +4) [mutagenic meat]
  8847 | D:10     | Killed Joseph
  8886 | D:10     | Gained mutation: You are resistant to electric shocks. (rElec) [mutagenic meat]
  8888 | D:10     | Gained mutation: You are robust. (+10% HP) [mutagenic meat]
  8889 | D:10     | Gained mutation: You are partially covered in iridescent scales. (AC +2) [mutagenic meat]
  8890 | D:10     | Lost mutation: You possess an exceptional clarity of mind. [mutagenic meat]
  9066 | D:10     | Reached **** piety under Okawaru
  9111 | D:10     | Reached skill level 14 in Throwing
  9324 | D:10     | Noticed a two-headed ogre
  9341 | D:10     | Killed a two-headed ogre
  9341 | D:10     | Received a gift from Okawaru
 10028 | D:11     | Found a staircase to the Lair.
 10032 | D:11     | Noticed a two-headed ogre
 10061 | D:11     | Killed a two-headed ogre
 10278 | D:11     | Learned a level 3 spell: Confuse
 10297 | D:11     | Found a runed door.
 10328 | D:11     | Noticed Urug
 10332 | D:11     | Killed Urug
 10332 | D:11     | Received a gift from Okawaru
 10386 | D:11     | Noticed a two-headed ogre
 10457 | D:10     | Killed a two-headed ogre
 10994 | D:11     | Reached ***** piety under Okawaru
 11004 | D:11     | Received a gift from Okawaru
 11004 | D:11     | Reached XP level 13. HP: 137/162 MP: 20/20
 11007 | D:11     | Reached skill level 15 in Throwing
 11099 | D:11     | Found a runed door.
 11621 | D:12     | Lost mutation: You are resistant to electric shocks. (rElec) [mutagenic meat]
 11893 | D:12     | Reached skill level 15 in Fighting
 12378 | D:12     | Found an opulent altar of Gozag.
 12655 | D:13     | Received a gift from Okawaru
 12703 | D:13     | Reached skill level 16 in Throwing
 12874 | D:13     | Received a gift from Okawaru
 12877 | D:13     | Got a scorched broad axe {god gift}
 12878 | D:13     | Identified the +2 broad axe "Owno" {freeze, rC++ Stlth+} (Okawaru gifted it to you on level 13 of the Dungeon)
 13352 | D:13     | Found a runed warning-scrawled door.
 13432 | D:13     | Found a runed door.
 13432 | D:13     | Noticed a merfolk impaler
 13433 | D:13     | Found a runed door.
 14007 | D:13     | HP: 2/159 [poison (dark miasma)]
 14008 | D:13     | Engulfed by a cloud of foul pestilence

Vault maps used:
D:1:      ncdulo_smallfort
D:2:      marbit_many_paths, uniq_jessica
D:3:      chequers_ecumenical_altar_simple
D:4:      grunt_temple_overflow_opulence, first_bread, uniq_edmund
D:5:      uniq_menkaure
D:6:      minmay_temple_entry_statues, basic_altar, uniq_grinder,
          uniq_blork_the_orc
D:7:      nicolae_overflow_hidden_temple, grunt_ogre_cave,
          uniq_crazy_yiuf_cottage
D:8:      basic_altar
D:9:      minmay_orc_entry_guard_dogs, serial_bayou_pond_e, minivault_8
D:10:     serial_shops, nicolae_shop_statue_plus, uniq_josephine, uniq_joseph
D:11:     erik_cavepeople, dpeg_oklobed_lair, uniq_urug
D:12:     grunt_gozag_statues
D:13:     mikee_hates_you

Skill      XL: |  1  2  3  4  5  6  7  8  9 10 11 12 13 |
---------------+----------------------------------------+-----
Fighting       | 3 4 5 7 8 10 13 14 15 | 15.5
Throwing       | 5 6 7 8 9 11 12 13 14 16 | 16.2
Invocations    | 5 10 | 10.0
Dodging        | |  1.7
Stealth        | |  0.6

Action                   |  1- 3 |  4- 6 |  7- 9 | 10-12 | 13-15 || total
-------------------------+-------+-------+-------+-------+-------++-------
Melee: Short sword       |    67 |       |       |       |       ||    67
       Spear             |       |     3 |       |       |       ||     3
       Quarterstaff      |       |       |       |    18 |       ||    18
       Mace              |       |       |       |    31 |       ||    31
 Fire: Hunting sling     |       |   131 |   278 |   238 |   240 ||   887
       Blowgun           |       |       |     3 |     7 |       ||    10
Throw: Large rock        |     5 |    35 |    20 |    33 |     6 ||    99
       Stone             |    25 |    37 |       |   338 |       ||   400
       Throwing net      |       |     5 |     1 |       |       ||     6
       Tomahawk          |       |       |       |    24 |     5 ||    29
       Javelin           |       |       |       |       |    80 ||    80
Invok: Heroism           |       |       |       |     6 |     1 ||     7
Evoke: Wand              |       |       |     9 |       |     1 ||    10
  Use: Scroll            |       |     5 |     1 |    14 |     3 ||    23
       Potion            |       |       |       |     2 |     1 ||     3
 Stab: Paralysed         |       |       |       |     4 |       ||     4
  Eat: Chunk             |       |     5 |    10 |    27 |     9 ||    51
       Royal jelly       |       |       |       |       |     4 ||     4
       Fruit             |       |       |       |       |     3 ||     3
Armor: Robe              |    18 |    14 |    18 |    31 |     7 ||    88
       Skin              |       |       |       |    23 |       ||    23
       Steam dragon scal |       |       |       |       |     5 ||     5
Dodge: Dodged            |    53 |   113 |   110 |   175 |    41 ||   492

Table legend:
 A = Spawn XP
 B = Non-spawn XP
 C = Spawn XP percentage of total XP
 D = Spawn monster count
 E = Non-spawn monster count
 F = Spawn count percentage of total count
 G = Total turns spent on level
                    A         B        C        D         E        F      G
               +---------+---------+-------+---------+---------+-------+---------
         Total |       0 |   34852 |   0.0 |       0 |     306 |   0.0 | 14008
               +---------+---------+-------+---------+---------+-------+---------
           D:1 |       0 |      32 |   0.0 |       0 |      20 |   0.0 |   558
           D:2 |       0 |     158 |   0.0 |       0 |      19 |   0.0 |   671
           D:3 |       0 |      84 |   0.0 |       0 |      14 |   0.0 |   837
           D:4 |       0 |     512 |   0.0 |       0 |      15 |   0.0 |  1235
           D:5 |       0 |     437 |   0.0 |       0 |      12 |   0.0 |   884
           D:6 |       0 |     666 |   0.0 |       0 |       9 |   0.0 |   763
           D:7 |       0 |     564 |   0.0 |       0 |       9 |   0.0 |  1117
           D:8 |       0 |    2612 |   0.0 |       0 |      30 |   0.0 |   847
           D:9 |       0 |    4825 |   0.0 |       0 |      33 |   0.0 |  1444
          D:10 |       0 |    7067 |   0.0 |       0 |      36 |   0.0 |  1795
          D:11 |       0 |    7856 |   0.0 |       0 |      44 |   0.0 |  1468
          D:12 |       0 |    5187 |   0.0 |       0 |      37 |   0.0 |   888
          D:13 |       0 |    4852 |   0.0 |       0 |      28 |   0.0 |  1501
               +---------+---------+-------+---------+---------+-------+---------
